 Dungeon Crawl Stone Soup version 0.18.1-48-g4cf74bf (webtiles) character file.

130 Melfield the Skirmisher (level 4, -9/41 HPs)
             Began as a Minotaur Chaos Knight on Aug 11, 2016.
             Mangled by an orange demon (10 damage)
             ... summoned by Xom
             ... on level 4 of the Dungeon.
             The game lasted 00:10:03 (1707 turns).

Melfield the Skirmisher (Minotaur Chaos Knight)     Turns: 1707, Time: 00:10:04

Health: -9/41      AC:  9    Str: 18    XL:     4   Next: 89%
Magic:  3/3        EV:  7    Int:  7    God:
Gold:   147        SH:  9    Dex:  9    Spells: 0 memorised, 3 levels left

rFire  . . .     SeeInvis .     a - +0 hand axe (chaos)
rCold  . . .     Gourm    .     d - +1 scale mail {MR+}
rNeg   . . .     Faith    .     m - +2 shield {rPois}
rPois  +         Spirit   .     (helmet restricted)
rElec  .         Dismiss  .     i - +0 cloak
rCorr  .         Reflect  .     (no gloves)
SustAt .         Harm     +     (no boots)
MR     +....                    r - amulet of harm
Stlth  ..........               (no ring)
                                (no ring)

@: slowed, very slow, somewhat resistant to hostile enchantments, extremely
unstealthy
A: retaliatory headbutt, horns 2, dopey 1
a: no special abilities


You were on level 4 of the Dungeon.
You were not hungry.

You visited 1 branch of the dungeon, and saw 4 of its levels.

You collected 147 gold pieces.

Inventory:

Hand Weapons
 a - a +0 hand axe of chaos (weapon)
 p - a +0 hand axe
Armour
 b - a +2 leather armour
 d - a +1 scale mail of magic resistance (worn)
 i - a +0 cloak (worn)
 l - a +0 ring mail
 m - a +2 shield of poison resistance (worn)
Jewellery
 r - an amulet of harm (around neck)
Scrolls
 h - a scroll of fog {unknown}
 k - 3 scrolls of remove curse {unknown}
 n - 2 scrolls of fear {unknown}
 o - 2 scrolls of identify {unknown}
Potions
 e - a potion of magic {unknown}
 f - a potion of cure mutation {unknown}
 g - a potion of mutation {unknown}
 j - 2 potions of cancellation {unknown}
 q - 2 potions of invisibility {unknown}
 s - 2 potions of curing {unknown}
Comestibles
 c - 2 bread rations


   Skills:
 + Level 4.6 Fighting
 + Level 4.6 Axes
 + Level 3.4 Armour
 + Level 2.2 Dodging
 + Level 0.5 Stealth
 + Level 1.0 Shields


You had 3 spell levels left.
You didn't know any spells.

Dungeon Overview and Level Annotations

Branches:
Dungeon (4/15)
 Temple: D:4-7

Altars:
Kikubaaqudgha


Innate Abilities, Weirdness & Mutations

You reflexively headbutt those who attack you in melee.
You have a pair of horns on your head.
You are dopey. (Int -2)


Message History

You feel stupid.
Found an escape hatch in the ceiling. "Time to have some fun!"
The divine experience drains your vigour!
You feel yourself slow down.
You miss the crimson imp. You closely miss the iron imp.
You barely miss the sun demon. You barely miss the soul eater.
You completely miss the quasit. You hit the iron imp but do no damage.
You hit the crimson imp.
The crimson imp evaporates and reforms as an iron imp!
You closely miss the iron imp. You closely miss the sun demon.
You hit the soul eater but do no damage.
Your shield prevents you from hitting the quasit.
You barely miss the iron imp. The quasit barely misses you.
You block the quasit's attack.
The quasit claws you but does no damage.
The sun demon hits you!
You are engulfed in flames!
* * * LOW HITPOINT WARNING * * *
The orange demon stings you from afar!
You die...

#. ... .. ... #. ## ...
##. .. #.# .. .### ##
#.# #5 54. #. #.# #3#5#
##.#####.######3@5# ##
#...##........555###...#
..#....#.##...4535...#..
#...####.##.#.#..###...#
##<###................##
#.###..########.######
#.......##....#.#
####..⌠....≈_.#.##
#....†.≈...#..#


You could see a soul eater, a sun demon, an orange demon, a rust devil, a chaos
spawn, 3 iron imps, 2 quasits, a crimson imp and 3 shadow imps.

Vanquished Creatures
  Jessica (D:2)
  Terence (D:2)
  3 adders
  4 worms
  3 giant geckos
  4 bats
  2 giant cockroaches
  4 goblins
  4 hobgoblins
  3 giant newts (D:1)
  6 kobolds
  7 rats
  6 plants
48 creatures vanquished.

Notes
Turn   | Place    | Note
--------------------------------------------------------------
     0 | D:1      | Melfield the Minotaur Chaos Knight began the quest for the Orb.
     0 | D:1      | Reached XP level 1. HP: 19/19 MP: 0/0
   355 | D:1      | Reached XP level 2. HP: 27/27 MP: 1/1
   765 | D:2      | Noticed Terence
   770 | D:2      | Killed Terence
   770 | D:2      | Reached XP level 3. HP: 33/33 MP: 2/2
   874 | D:2      | Noticed Jessica
   879 | D:2      | Killed Jessica
   879 | D:2      | Reached XP level 4. HP: 40/41 MP: 3/3
  1244 | D:3      | Found a faded altar to an unknown god.
  1254 | D:3      | Fell from the grace of Xom
  1282 | D:3      | Reached skill level 1 in Shields
  1649 | D:4      | Found an ancient bone altar of Kikubaaqudgha.
  1686 | D:4      | XOM: give mutation
  1686 | D:4      | Gained mutation: You are dopey. (Int -2) [Xom's mischief]
  1705 | D:4      | XOM: summons 14 hostile demons
  1706 | D:4      | Noticed a soul eater
  1706 | D:4      | Noticed a rust devil
  1706 | D:4      | Noticed a chaos spawn
  1706 | D:4      | Noticed an orange demon
  1706 | D:4      | Noticed a sun demon
  1707 | D:4      | HP: 1/41 [sun demon[Xom] (16)]
  1707 | D:4      | Mangled by an orange demon

Skill      XL: |  1  2  3  4 |
---------------+-------------+-----
Axes           | 4 |  4.6
Fighting       | 4 |  4.6
Armour         | 3 |  3.4
Dodging        | 2 |  2.2
Shields        | 1 |  1.0
Stealth        | |  0.5

Action                   |  1- 3 |  4- 6 || total
-------------------------+-------+-------++-------
Melee: Hand axe          |    70 |   112 ||   182
       Headbutt          |    13 |    26 ||    39
Invok: Renounce Religion |       |     1 ||     1
  Use: Scroll            |     1 |       ||     1
 Stab: Paralysed         |       |     1 ||     1
  Eat: Meat ration       |       |     1 ||     1
Armor: Leather armour    |     7 |       ||     7
       Ring mail         |     5 |       ||     5
       Scale mail        |       |    24 ||    24
Dodge: Dodged            |    32 |    24 ||    56
Block: Shield            |    15 |    17 ||    32
